 Dungeon Crawl Stone Soup version 0.30-a0-1008-g30c9307041 (webtiles) character file.

Game seed: 3893080800115541384

2193 mandoloar the Insei (level 9, -2/60 HPs)
             Began as an Octopode Transmuter on Apr 6, 2023.
             Slain by an ice beast (5 damage)
             ... on level 6 of the Dungeon.
             The game lasted 00:16:33 (7145 turns).

mandoloar the Insei (Octopode Transmuter)           Turns: 7145, Time: 00:16:33

Health: -2/60      AC:  1    Str:  9    XL:     9   Next: 34%
Magic:  25/25      EV: 15    Int: 19    God:
Gold:   293        SH:  5    Dex: 13    Spells: 11/18 levels left

rFire   . . .      SeeInvis .      - Unarmed
rCold   . . .      Faith    .    (no shield)
rNeg    . . .      Spirit   .    (helmet restricted)
rPois   .          Reflect  +    v - amulet of reflection
rElec   .          Rampage  .    q - ring of flight
rCorr   .                        s - ring of magical power
Will    .....                    (no ring)
Stlth   ++                       (no ring)
HPRegen 0.30/turn                (no ring)
MPRegen 0.19/turn                (no ring)
                                 (no ring)
                                 (no ring)

@: flying
A: almost no armour, amphibious, 8 rings, camouflage 1, gelatinous body 1,
(nimble swimmer 1), tentacles
a: no special abilities


You were on level 6 of the Dungeon.
You visited 1 branch of the dungeon, and saw 6 of its levels.
You also visited: Sewer.

You collected 293 gold pieces.

Inventory:

Missiles
 f - 21 stones
 i - 4 poisoned darts
 j - 3 silver boomerangs
 l - 6 boomerangs
 t - 2 javelins
Jewellery
 q - a ring of flight (left tentacle)
 r - an amulet of the acrobat
 s - a ring of magical power (right tentacle)
 v - an amulet of reflection (around mantle)
Wands
 k - a wand of roots (8)
 w - a wand of flame (16)
Scrolls
 b - a scroll of identify
 c - 2 scrolls of teleportation
 m - a scroll of fear
Potions
 a - a potion of lignification
 d - 3 potions of attraction
 e - 3 potions of heal wounds
 g - 2 potions of magic
 h - a potion of might
 n - a potion of berserk rage
 p - a potion of mutation
 u - a potion of flight
 x - a potion of curing


   Skills:
 + Level 4.8 Fighting
 + Level 5.2 Dodging
 + Level 5.7 Unarmed Combat
 + Level 5.0 Spellcasting
 + Level 5.2 Transmutations
 + Level 4.7 Ice Magic


You had 11 spell levels left.
You knew the following spells:

 Your Spells              Type           Power      Damage    Failure   Level
a - Beastly Appendage     Tmut           48%        N/A       1%          1
b - Wereblood             Tmut           24%        N/A       2%          2
c - Ice Form              Ice/Tmut       23%        N/A       16%         4

Your spell library contained the following spells:

 Spells                   Type           Power      Damage    Failure   Level
 Passwall                 Tmut/Erth      11%        N/A       6%          2
 Magic Dart               Conj           16%        1d3       12%         1
 Sandblast                Erth           8%         2d5       12%         1
 Spider Form              Tmut/Pois      14%        N/A       13%         3
 Searing Ray              Conj           8%         2d4       19%         2
 Call Canine Familiar     Summ           4%         N/A       36%         3
 Dazzling Flash           Conj/Hex       8%         N/A       36%         3
 Inner Flame              Hex/Fire       4%         N/A       36%         3
 Portal Projectile        Hex/Tloc       8%         N/A       36%         3
 Stone Arrow              Conj/Erth      8%         3d7       36%         3
 Volatile Blastmotes      Fire/Tloc      8%         2d10      36%         3
 Yara's Violent Unravell  Hex/Tmut       7%         3d5       75%         5
 Fulminant Prism          Conj/Hex       2%         3d5       77%         4
 Iskenderun's Mystic Bla  Conj/Tloc      4%         2d3       77%         4
 Leda's Liquefaction      Hex/Erth       2%         N/A       77%         4
 Starburst                Conj/Fire      2%         6d3       100%        6
 Enfeeble                 Hex            2%         N/A       100%        7


Dungeon Overview and Level Annotations

Branches:
Dungeon (6/15)              Sewer (visited)
 Temple: D:4-7

Altars:
Sif Muna
Uskayaw
Xom
The Shining One

Annotations:
D:2 Terence
D:6 Eustachio


Innate Abilities, Weirdness & Mutations

You cannot wear most types of armour.
You are amphibious.
You can wear up to eight rings at the same time.
Your skin changes colour to match your surroundings (Stealth+).
Your rubbery body absorbs attacks. (AC +1, EV +1)
((You are camouflaged when in or above water. (Stealth+)))
You have tentacles for arms and can constrict up to eight enemies at once.


Message History

You smack the jelly!
Your branches burn!
The jelly is almost dead.
The water moccasin bites you but does no damage. x2
You pummel the jelly!!
You kill the jelly!
The water moccasin bites you. You block the bullfrog's attack.
You smack the water moccasin!
You kill the water moccasin!
The bullfrog hits you but does no damage.
You pummel the bullfrog!!
The bullfrog is almost dead.
The bullfrog hits you but does no damage.
The ice beast hits you but does no damage.
You pummel the bullfrog!!
You kill the bullfrog!
The ice beast hits you but does no damage.
Your Spellcasting skill increases to level 5!
You hit the ice beast.
The ice beast is lightly wounded.
You block the ice beast's attack.
The ice beast hits you but does no damage.
You barely miss the ice beast.
The ice beast is lightly wounded.
The ice beast hits you but does no damage. x2
You smack the ice beast!
The ice beast is heavily wounded.
You feel less wooden. The ice beast hits you. The ice beast freezes you.
* * * LOW HITPOINT WARNING * * *
The ice beast closely misses you.
You completely miss the ice beast.
The ice beast is heavily wounded.
The ice beast hits you.
* * * LOW HITPOINT WARNING * * *
The ice beast freezes you!
* * * LOW HITPOINT WARNING * * *
The ice beast hits you.
* * * LOW HITPOINT WARNING * * *
The ice beast freezes you.
You die...

.... ..........#.....")......
#....#.#.#.......#########...
.. #...#.#......#.##### ##..#
#.##....<..##...#.....# #..##
.........############# #####
#....##.# #[ .###... #†# .# #
.......###.##.###.## #
.###....#.†#.##@##Y# .#
..........##.#Y#Y#.#.# #
.S............#..#..#
...........#...#...#...# #
..........#..#....#....# #...
..............#.....#....
.... ...............F#....
.#.. ..#
.......#####.......#.) . . .
....... #........... ..


You could see 2 ice beasts.

Vanquished Creatures
  Pikel (D:4)
  A troll (D:5)
  Grinder (D:5)
  A water moccasin (D:6)
  An ogre (D:5)
  3 lemures (D:4)
  A phantom (D:5)
  3 bullfrogs
  3 scorpions
  2 orc priests
  6 hounds
  A jelly (D:6)
  Crazy Yiuf (D:5)
  A sleepcap (D:5)
  Jessica (D:2)
  2 iguanas (D:5)
  6 orc wizards
  A hell rat (Sewer)
  4 gnolls (D:5)
  3 adders
  A white imp (D:5)
  3 worms
  11 orcs
  2 endoplasms
  A giant cockroach (D:3)
  9 goblins
  4 hobgoblins
  3 jackals (D:1)
  6 kobolds
  2 quokkas
  3 ball pythons
  4 bats
  2 frilled lizards
  9 rats
103 creatures vanquished.

Notes
Turn   | Place    | Note
-------+----------+-------------------------------------------
     0 | D:1      | mandoloar the Octopode Transmuter began the quest for the
                  | Orb.
     0 | D:1      | Reached XP level 1. HP: 13/13 MP: 3/3
   149 | D:1      | Reached XP level 2. HP: 13/18 MP: 3/5
   818 | D:2      | Reached XP level 3. HP: 10/23 MP: 4/6
   821 | D:2      | Learned a level 2 spell: Wereblood
   999 | D:2      | Noticed Jessica
  1013 | D:2      | Killed Jessica
  1014 | D:2      | Reached skill level 1 in Ice Magic
  1296 | D:2      | Noticed Terence
  1635 | D:3      | Reached XP level 4. HP: 29/29 MP: 5/7
  1643 | D:3      | Learned a level 4 spell: Ice Form
  2256 | D:3      | Identified the +3 leather armour of Slovenliness {rCorr
                  | Str+3}
  2745 | D:4      | Found a shimmering blue altar of Sif Muna.
  2754 | D:4      | Found a shimmering altar of Xom.
  2754 | D:4      | Found a glowing golden altar of the Shining One.
  2832 | D:4      | Found a glowing drain.
  2847 | Sewer    | Entered a sewer
  2916 | Sewer    | Reached XP level 5. HP: 3/33 MP: 8/8
  3215 | D:4      | Found a hide-covered altar of Uskayaw.
  3510 | D:4      | Reached XP level 6. HP: 11/40 MP: 8/10
  4207 | D:5      | Entered Level 5 of the Dungeon
  4413 | D:5      | Reached XP level 7. HP: 45/45 MP: 9/11
  4638 | D:5      | Noticed Pikel
  4993 | D:5      | Noticed a troll
  5004 | D:5      | Killed a troll
  5360 | D:5      | Noticed Grinder
  5369 | D:5      | Paralysed by Grinder for 5 turns
  5518 | D:5      | Paralysed by Grinder for 2 turns
  5529 | D:5      | Paralysed by Grinder for 5 turns
  5540 | D:5      | Killed Grinder
  5541 | D:5      | Reached XP level 8. HP: 17/53 MP: 13/13
  5895 | D:4      | Killed Pikel
  5896 | D:4      | Reached skill level 5 in Unarmed Combat
  6349 | D:5      | Found a runed translucent door.
  6350 | D:5      | Noticed Crazy Yiuf
  6359 | D:5      | Killed Crazy Yiuf
  6716 | D:5      | Reached XP level 9. HP: 59/59 MP: 15/15
  6791 | D:6      | Noticed Eustachio
  6938 | D:5      | Reached skill level 5 in Dodging
  6938 | D:5      | Reached skill level 5 in Transmutations
  7142 | D:6      | Reached skill level 5 in Spellcasting
  7145 | D:6      | HP: 3/60 [ice beast (3)]
  7145 | D:6      | Slain by an ice beast

Illustrated notes

Levels and vault maps discovered:
D:1:      wander_arrival_desolate, layout_loops_ring,
          minmay_misc_feat_secret_circle, minmay_door_square
D:2:      layout_rooms, minmay_fountain_box, uniq_terence, uniq_jessica
D:3:      layout_loops_ring, columned_hall_lemuel
D:4:      layout_cave_pools, nicolae_uskayaw_murder_on_the_dancefloor,
          gammafunk_temple_overflow_forgotten, gup_sewer_entry_bowl,
          minmay_misc_feat_ornament, minmay_a_box_with_orc_wizards_in_it
D:5:      layout_cave_pools, kennysheep_generic_room_7, uniq_grinder,
          uniq_crazy_yiuf_cottage, uniq_pikel
D:6:      layout_rooms, minmay_increasing_density, uniq_eustachio

Skill      XL: |  1  2  3  4  5  6  7  8  9 |
---------------+----------------------------+-----
Ice Magic      | 1 2 3 4 |  4.7
Fighting       | 2 3 4 |  4.8
Transmutations | 3 4 5 |  5.2
Dodging        | 3 4 5 |  5.2
Spellcasting   | 3 4 5 |  5.0
Unarmed Combat | 4 5 |  5.7

Action                     |  1- 3 |  4- 6 |  7- 9 || total
---------------------------+-------+-------+-------++-------
  Melee: Unarmed           |    48 |   114 |   146 ||   308
         Constrict         |    17 |    29 |     1 ||    47
         Kick              |    16 |    35 |     2 ||    53
         Tentacles         |     9 |    29 |     3 ||    41
         Punch             |     1 |     7 |       ||     8
  Throw: Stone             |       |     6 |     1 ||     7
   Cast: Beastly Appendage |    19 |    27 |     2 ||    48
         Ice Form          |       |       |    19 ||    19
         Wereblood         |       |       |     4 ||     4
    Use: Scroll            |     3 |     7 |     6 ||    16
         Potion            |       |     1 |     1 ||     2
   Stab: Sleeping          |     8 |     4 |       ||    12
 Armour: Skin              |     3 |     6 |    60 ||    69
  Dodge: Dodged            |    23 |    47 |    53 ||   123
  Block: Other             |       |       |    32 ||    32
         Reflection        |       |       |     1 ||     1

Table legend: (Time is in decaauts)
 A = Elapsed time spent in this place.
 B = Non-inter-level travel time spent in this place.
 C = Inter-level travel time spent in this place.
 D = Time resting spent in this place.
 E = Time spent auto-exploring this place.
 F = Levels seen in this place.
 G = Mean time per level.
                   A        B        C        D        E       F      G
               +--------+--------+--------+--------+--------+-----+--------+
         Total |   7136 |   6583 |    553 |   2101 |   3212 |   7 | 1019.4 |
       Dungeon |   6834 |   6281 |    553 |   1884 |   3173 |   6 | 1139.0 |
         Sewer |    302 |    302 |      0 |    217 |     39 |   1 |  302.0 |
               +--------+--------+--------+--------+--------+-----+--------+

Top non-repeatable levels by time:
     D:4: 1949 daAuts
     D:5: 1825 daAuts
     D:3: 1039 daAuts
     D:1: 868 daAuts
     D:2: 755 daAuts
     D:6: 395 daAuts
   Sewer: 302 daAuts
